 Dungeon Crawl Stone Soup version 0.20-a0-642-g4ff03ff (console) character file.

3340 nht the Cleaver (level 10, -1/67 HPs)
             Began as a Formicid Hunter on Feb 14, 2017.
             Slain by an ogre
             ... wielding a +0 giant club
              (17 damage)
             ... on level 7 of the Dungeon.
             The game lasted 00:14:45 (7818 turns).

nht the Cleaver (Formicid Hunter)                   Turns: 7818, Time: 00:14:46

Health: -1/67      AC:  5    Str: 19      XL:     10   Next: 22%
Magic:  10/10      EV: 11    Int: 12      God:
Gold:   121        SH:  0    Dex:  9 (11) Spells: 9/9 levels left

rFire    . . .     SeeInvis +   b - +0 hand axe
rCold    + . .     Gourm    .   j - +0 leather armour {rC+}
rNeg     . . .     Faith    .   (no shield)
rPois    .         Spirit   .   (helmet unavailable)
rElec    .         Reflect  .   (no cloak)
rCorr    .         Harm     .   c - +1 pair of gloves
MR       +....                  (no boots)
Stlth    +.........             (no amulet)
Regen    0.3/turn               (no ring)
MPRegen  0.2/turn               (no ring)

@: no status effects
A: permanent stasis, dig shafts and tunnels, four strong arms, antennae 3
a: Dig, Shaft Self


You were on level 7 of the Dungeon.
You were not hungry.

You visited 1 branch of the dungeon, and saw 7 of its levels.

You collected 281 gold pieces.
You spent 160 gold pieces at shops.

Inventory:

Hand Weapons
 a - a +2 hand crossbow
 b - a +0 hand axe (weapon)
 t - a +1 hunting sling of freezing
Missiles
 u - 6 sling bullets
 x - 10 bolts
Armour
 c - a +1 pair of gloves (worn)
 j - a +0 leather armour of cold resistance (worn)
 z - a +1 leather armour of fire resistance
Wands
 d - a wand of disintegration (12/24)
 g - a wand of lightning (6/15)
 n - a wand of flame (0/48)
 y - a wand of paralysis (4/24)
 K - a wand of iceblast (7/15)
Scrolls
 e - 2 scrolls of teleportation
 k - 2 scrolls of remove curse
 l - a scroll of noise
 o - a scroll of magic mapping {unknown}
 q - a scroll of blinking
 v - 3 scrolls of fear
 L - a scroll of identify
Potions
 h - a potion of might
 p - a potion of heal wounds
 r - a potion of mutation
 s - a potion of cancellation
 A - 2 potions of invisibility
 B - a potion of brilliance
 C - 3 potions of curing
 G - a potion of magic
 H - a potion of haste
 I - a potion of agility
Books
 E - a book of Necromancy

   Spells                             Type                      Level
   a - Pain                           Necromancy                   1
   b - Animate Skeleton               Necromancy                   1
   c - Vampiric Draining              Necromancy                   3
   d - Regeneration                   Charms/Necromancy            3
   e - Animate Dead                   Necromancy                   4
   f - Control Undead                 Necromancy                   4
 F - a book of Changes

   Spells                             Type                      Level
   a - Beastly Appendage              Transmutation                1
   b - Sticks to Snakes               Transmutation                2
   c - Spider Form                    Transmutation/Poison         3
   d - Ice Form                       Ice/Transmutation            4
   e - Blade Hands                    Transmutation                5
Comestibles
 f - 4 bread rations
 i - 2 chunks of flesh
 m - 3 meat rations
 w - a royal jelly


   Skills:
 - Level 2.1 Fighting
 + Level 12.8 Axes
 - Level 10.1 Crossbows
 - Level 1.7 Dodging
 - Level 1.2 Stealth


You had 9 spell levels left.
You didn't know any spells.

Dungeon Overview and Level Annotations

Branches:
Dungeon (7/15)
 Temple: D:4-7

Altars:
Ashenzari
Elyvilon
Fedhas
Kikubaaqudgha
Qazlal
Xom
Zin

Shops:
D:5 *


Innate Abilities, Weirdness & Mutations

You cannot be hasted, slowed, berserked, paralysed or teleported.
You can dig through walls and to a lower floor.
Your four strong arms can wield two-handed weapons with a shield.
You have a pair of large antennae on your head. (SInv)


Message History

Aim: an ogre, wielding a giant club (chance to defeat MR: 46%)
The ogre resists with some effort.
Evoking this partially-identified wand wasted a few charges.
The ogre closely misses you.
Evoke which item? (* to show all) (? for menu, Esc to quit)
Aiming: Paralyse (will waste charges)
Press: ? - help, Shift-Dir - straight line, f/p - ogre
Aim: an ogre, wielding a giant club (chance to defeat MR: 46%)
The ogre resists with some effort.
Evoking this partially-identified wand wasted a few charges.
The ogre hits you with a giant club!
* * * LOW HITPOINT WARNING * * *
Evoke which item? (* to show all) (? for menu, Esc to quit)
Aiming: Paralyse (will waste charges)
Press: ? - help, Shift-Dir - straight line, f/p - ogre
Aim: an ogre, wielding a giant club (chance to defeat MR: 46%)
The ogre resists with some effort.
Evoking this partially-identified wand wasted a few charges.
The ogre hits you with a giant club!
You die...

r....██ ███....... ..
█.<.....█ .█ ██.█.....██
.█ ██.██.██.██ .██████
.........█ .......
██.█.....█ .......
██.....██ ███.......
██.......███████@........
..............██O█.......
██.......████O...........
██.....██ ████.█.......
██....████████.██......
█████.█..........█ ......
......████████████ ......


███████ ██████ You could see an ogre.

Vanquished Creatures
  The ghost of nht the Quickloader, a novice BaHu (D:6)
  A rime drake (D:6)
  A hungry ghost (D:6)
  Edmund (D:5)
  Duvessa (D:5)
  A phantom (D:5)
  2 necrophages (D:6)
  3 centaurs
  2 bullfrogs (D:6)
  Dowan (D:5)
  2 scorpions
  3 killer bees
  5 wights (D:6)
  4 electric eels (D:6)
  2 howler monkeys
  4 crimson imps
  A quasit (D:7)
  3 orc priests (D:7)
  A gnoll shaman (D:6)
  A hound (D:7)
  A bullfrog skeleton (D:6)
  2 iguanas
  Jessica (D:3)
  Terence (D:3)
  4 worker ants
  A hound zombie (D:6)
  4 gnolls (D:6)
  6 adders
  3 oozes
  7 worms
  2 dart slugs
  4 leopard geckos
  7 orcs
  3 giant cockroaches
  6 goblins
  7 hobgoblins
  7 kobolds
  6 quokkas
  2 ball pythons
  6 bats
  4 frilled lizards
  9 rats
  A plant (D:6)
134 creatures vanquished.

Notes
Turn   | Place    | Note
-------+----------+-------------------------------------------
     0 | D:1      | nht the Formicid Hunter began the quest for the Orb.
     0 | D:1      | Reached XP level 1. HP: 16/16 MP: 1/1
   127 | D:1      | Reached XP level 2. HP: 22/22 MP: 2/2
   710 | D:2      | Reached XP level 3. HP: 27/27 MP: 3/3
   842 | D:2      | Reached skill level 5 in Crossbows
  1016 | D:2      | Reached XP level 4. HP: 28/33 MP: 4/4
  1112 | D:2      | Found a glowing silver altar of Zin.
  1742 | D:3      | Found an ancient bone altar of Kikubaaqudgha.
  1758 | D:3      | Found a blossoming altar of Fedhas.
  1761 | D:3      | Found a stormy altar of Qazlal.
  1842 | D:3      | Found a white marble altar of Elyvilon.
  1920 | D:3      | Reached XP level 5. HP: 33/38 MP: 5/5
  1983 | D:3      | Noticed Jessica
  1993 | D:3      | Killed Jessica
  2209 | D:3      | Noticed Terence
  2214 | D:3      | Killed Terence
  2451 | D:4      | Reached XP level 6. HP: 44/44 MP: 6/6
  2896 | D:5      | Entered Level 5 of the Dungeon
  3035 | D:5      | Noticed Edmund
  3175 | D:5      | Reached skill level 12 in Axes
  3175 | D:5      | Reached XP level 7. HP: 50/50 MP: 7/7
  3206 | D:5      | Killed Edmund
  3565 | D:5      | Found Zaqihut's Assorted Antiques.
  3573 | D:5      | Bought a short bronze wand for 80 gold pieces
  3647 | D:5      | Noticed Duvessa
  3710 | D:6      | Reached XP level 8. HP: 30/56 MP: 8/8
  4147 | D:5      | Killed Duvessa
  4403 | D:5      | Noticed Dowan
  4425 | D:5      | Killed Dowan
  5273 | D:5      | Bought a jewelled gold wand for 80 gold pieces
  5298 | D:6      | Found a shimmering altar of Xom.
  5463 | D:6      | Reached XP level 9. HP: 40/59 MP: 9/9
  5522 | D:6      | Noticed nht's ghost (novice BaHu)
  5555 | D:6      | Killed nht's ghost
  5919 | D:6      | Noticed a rime drake
  5919 | D:6      | an electric eel changed into a rime drake
  5928 | D:6      | Killed a rime drake
  5928 | D:6      | Reached skill level 10 in Crossbows
  7025 | D:6      | Reached XP level 10. HP: 22/63 MP: 10/10
  7335 | D:7      | Found a shattered altar of Ashenzari.
  7818 | D:7      | Slain by an ogre

Vault maps used:
D:1:      minmay_arrival_glassed_features, corexii_item_surrounded_by_moat
D:2:      kb_forest_paths, overflow_temple_1_default
D:3:      grunt_temple_overflow_forces_of_nature, elyvilon_altar_5,
          kiku_gazebo_garden_becter, uniq_jessica, uniq_terence
D:4:      first_bread
D:5:      serial_shops, shop, uniq_duvessa, uniq_edmund
D:6:      lemuel_round_altar, grunt_ministairs_9, grunt_decor_fettered,
          serial_bayou_lake_a
D:7:      kennysheep_little_box, minmay_temple_entry_statues_pillars,
          the_bakery, serial_park_tiny_1

Skill      XL: |  1  2  3  4  5  6  7  8  9 |
---------------+----------------------------+-----
Crossbows      | 5 6 7 8 10 | 10.1
Axes           | 12 | 12.8
Fighting       | |  2.1
Dodging        | |  1.7
Stealth        | |  1.2

Action                   |  1- 3 |  4- 6 |  7- 9 | 10-12 || total
-------------------------+-------+-------+-------+-------++-------
Melee: Hand axe          |       |       |   285 |   105 ||   390
 Fire: Hand crossbow     |    66 |    60 |    18 |       ||   144
       Hunting sling     |       |    69 |    15 |       ||    84
Evoke: Wand              |       |       |    29 |     4 ||    33
  Use: Scroll            |       |    10 |    11 |       ||    21
       Potion            |       |     1 |     4 |     1 ||     6
 Stab: Confused          |       |       |     3 |       ||     3
       Paralysed         |       |       |     3 |       ||     3
  Eat: Chunk             |       |     7 |    10 |     4 ||    21
       Fruit             |       |       |     1 |     2 ||     3
Armor: Leather armour    |     7 |     5 |    38 |    31 ||    81
       Skin              |       |       |     1 |       ||     1
Dodge: Dodged            |     8 |    28 |    99 |    81 ||   216
